 Dungeon Crawl Stone Soup version 0.17.0-28-g6e173f8 (webtiles) character file.

72 LuBu the Skirmisher (level 4, 0/32 HPs)
             Began as a Kobold Wanderer on Nov 22, 2015.
             Slain by a gnoll
             ... wielding a +0 spear
              (2 damage)
             ... on level 2 of the Dungeon.
             The game lasted 00:10:30 (2429 turns).

LuBu the Skirmisher (Kobold Wanderer)               Turns: 2429, Time: 00:10:31

Health: 0/32       AC:  9    Str: 10    XL:     4   Next: 50%
Magic:  0/4        EV:  6    Int: 10    God:
Gold:   102        SH:  0    Dex: 16    Spells: 0 memorised, 3 levels left

rFire  . . .     SeeInvis .     n - +0 mace (drain)
rCold  . . .     Clarity  .     f - +1 chain mail
rNeg   . . .     SustAt   .     (shield restricted)
rPois  .         Gourm    .     (no helmet)
rElec  .         Spirit   +     (no cloak)
rCorr  .         Warding  .     (no gloves)
rMut   .         Stasis   .     (no boots)
MR     .....                    t - amulet of guardian spirit
Stlth  ..........               (no ring)
                                (no ring)

@: drained, not resistant to hostile enchantments, extremely unstealthy
A: carnivore 3
a: no special abilities


You were on level 2 of the Dungeon.
You were very full.

You visited 1 branch of the dungeon, and saw 2 of its levels.

You collected 102 gold pieces.

Inventory:

Hand Weapons
 a - a +2 shortbow
 i - a +0 dagger
 m - a +0 dagger
 n - a +0 mace of draining (weapon)
Missiles
 b - 32 arrows
Armour
 d - a +0 robe
 f - a +1 chain mail (worn)
 l - a +0 buckler
Jewellery
 q - an uncursed amulet of rage
 t - an amulet of guardian spirit (around neck)
Scrolls
 h - 3 scrolls of identify
 j - 2 scrolls of fear
 o - 2 scrolls of enchant armour
 v - a scroll of remove curse {unknown}
Potions
 c - 3 potions of lignification
 g - a potion of curing {unknown}
 k - a potion of haste
 r - a potion of flight
 s - a potion of beneficial mutation {unknown}
Comestibles
 e - 2 meat rations
 p - 2 beef jerkies
 u - a bread ration


   Skills:
 + Level 6.3(5.3) Fighting
 + Level 0.4(0.0) Maces & Flails
 + Level 3.1(2.2) Bows
 + Level 1.2(0.3) Armour
 + Level 0.5(0.0) Dodging
 + Level 1.0(0.1) Shields
 + Level 1.2(0.4) Evocations


You had 3 spell levels left.
You didn't know any spells.

Dungeon Overview and Level Annotations

Branches:
Dungeon (2/15)

Altars:


Innate Abilities, Weirdness & Mutations

You are small and have problems with some larger weapons.
You are carnivorous and can eat meat at any time.


Message History

The gnoll closely misses you.
The gnoll hits you from afar with a halberd!
The gnoll barely misses you. The gnoll hits you with a spear.
The gnoll hits you with a halberd!
A gnoll comes into view. It is wielding a halberd.
Things that are here:
a short sword of draining; a kobold corpse You hit the gnoll.
You drain the gnoll!
The gnoll is moderately wounded.
The gnoll hits you but does no damage. The gnoll hits you with a halberd.
* * * LOW HITPOINT WARNING * * *
You hit the gnoll but do no damage.
The gnoll is moderately wounded.
The gnoll hits you but does no damage. The gnoll hits you with a halberd!
* * * LOW HITPOINT WARNING * * *
You hit the gnoll.
The gnoll is heavily wounded.
The gnoll hits you but does no damage. x2
The gnoll hits you with a spear.
You die...

...# #...................#
...########............########
...##..................#
[............###########
.............# .........)...# #
...##.......>######.#
...########.(.......#.##
...'......(...(.@gg.?..#
...########......g..##.# ...#
#.........# ...# #.........#
...# +........... #'##
#........#### ..# #######+##
###


You could see 3 gnolls.

Vanquished Creatures
  3 adders (D:2)
  An ooze (D:1)
  2 giant cockroaches (D:2)
  5 hobgoblins
  3 jackals (D:2)
  4 bats
  5 giant newts
  9 goblins
  4 kobolds
  5 rats
41 creatures vanquished.

Notes
Turn   | Place    | Note
--------------------------------------------------------------
     0 | D:1      | LuBu the Kobold Wanderer began the quest for the Orb.
     0 | D:1      | LuBu set off with: a +2 shortbow, 21 arrows, 2 potions of lignification, a +0 robe, a meat ration
     0 | D:1      | Reached XP level 1. HP: 16/16 MP: 1/1
   398 | D:1      | Reached XP level 2. HP: 15/22 MP: 2/2
   795 | D:1      | Reached skill level 6 in Fighting
  1106 | D:2      | Reached XP level 3. HP: 19/27 MP: 3/3
  1850 | D:2      | Reached XP level 4. HP: 32/32 MP: 4/4
  1924 | D:2      | Reached skill level 1 in Armour
  2429 | D:2      | Slain by a gnoll

Action                   |  1- 3 |  4- 6 || total
-------------------------+-------+-------++-------
Melee: Mace              |    78 |    46 ||   124
 Fire: Shortbow          |    30 |       ||    30
  Use: Potion            |     4 |       ||     4
       Scroll            |     3 |     2 ||     5
  Eat: Chunk             |    10 |     3 ||    13
